 Dungeon Sprint DCSS version 0.30-a0-55-g90e3122c3a (webtiles) character file.

Game seed: 13604112013209582137

22429 rocky1 the Unseen (level 13, -17/113 HPs)
             Began as a Merfolk Gladiator on Sept 10, 2022.
             Was an Initiate of Gozag.
             Killed by mirror damage (26 damage)
             ... in the Dungeon (Sprint VII: "The Pits").
             The game lasted 00:32:05 (5295 turns).

rocky1 the Unseen (Merfolk Gladiator)               Turns: 5295, Time: 00:32:06

Health: -17/113    AC: 23    Str: 16    XL:     13   Next: 0%
Magic:  25/25      EV: 25    Int: 12    God:    Gozag
Gold:   475        SH: 10    Dex: 25    Spells: 10/16 levels left

rFire   + . .      SeeInvis .    r - +4 scimitar (flame)
rCold   . . .      Faith    .    e - +0 buckler
rNeg    + + +      Spirit   .    w - +5 ring mail
rPois   .          Reflect  .    c - +0 helmet
rElec   +          Harm     .    F - +2 cloak {rCorr}
rCorr   +          Rampage  .    q - +0 pair of gloves of Insecurity {rElec rF+ rN++ Will-}
Will    .....      NoTele   +    d - +2 pair of boots {Fly}
Stlth   ++++++....               (no amulet)
HPRegen 0.28/turn                G - ring "Hoggeh" {rElec rN+ Int+5 Dex+6}
MPRegen 0.19/turn                s - ring of the Octopus King {HP+2 MP+9 AC+2 EV+2 SH+2}

@: gold aura, flying, invisible
A: (nimble swimmer 2), mertail
a: Renounce Religion, Potion Petition, Call Merchant, Bribe Branch


You were in the Dungeon.
You worshipped Gozag.
Gozag was aware of your devotion.
You visited 1 branch You collected 8569 gold pieces.
You spent 2963 gold pieces at shops.
You paid 5131 gold pieces to Gozag.

Inventory:

Hand Weapons
 a - a +2 scimitar of holy wrath
 b - a +0 shortbow
 o - a +2 rapier of venom
 r - a +4 scimitar of flaming (weapon)
Missiles
 p - 4 curare-tipped darts
 A - a javelin (quivered)
Armour
 c - a +0 helmet (worn)
 d - a +2 pair of boots of flying (worn)
 e - a +0 buckler (worn)
 q - the +0 pair of gloves of Insecurity (worn) {rElec rF+ rN++ Will-}
   (You bought it in a shop in the Dungeon)

   rF:        It protects you from fire.
   rElec:     It insulates you from electricity.
   rN:        It greatly protects you from negative energy.
   Will:      It decreases your willpower.
 w - a +5 ring mail (worn)
 F - a +2 cloak of preservation (worn)
 I - the +2 pair of gloves "Mixempy" {rPois Int+5}
   (You bought it in a shop in the Dungeon)

   Int:       It affects your intelligence (+5).
   rPois:     It protects you from poison.
 J - a +2 cloak of stealth
Jewellery
 s - a ring of the Octopus King (right hand) {HP+2 MP+9 AC+2 EV+2 SH+2}
   (You found it in the Dungeon)

   [ring of magical power]

   AC:        It affects your AC (+2).
   EV:        It affects your evasion (+2).
   HP:        It affects your health (+2).
   MP:        It affects your magic capacity (+9).
   SH:        It affects your SH (+2).
 G - the ring "Hoggeh" (left hand) {rElec rN+ Int+5 Dex+6}
   (You bought it in a shop in the Dungeon)

   [ring of dexterity]

   Int:       It affects your intelligence (+5).
   Dex:       It affects your dexterity (+6).
   rElec:     It insulates you from electricity.
   rN:        It protects you from negative energy.
Scrolls
 k - 7 scrolls of blinking
 m - 5 scrolls of amnesia
 n - a scroll of summoning
 y - 2 scrolls of identify
 B - 2 scrolls of enchant weapon
 C - 4 scrolls of enchant armour
 E - a scroll of fog
Potions
 f - 9 potions of curing
 g - 7 potions of heal wounds
 i - 4 potions of magic
 j - a potion of flight {unknown}
 u - 5 potions of mutation
 z - a potion of brilliance
 D - a potion of resistance
Miscellaneous
 h - a box of beasts


   Skills:
 + Level 13.2 Fighting
 - Level 16.6 Long Blades
 - Level 10.1 Ranged Weapons
 + Level 7.4 Throwing
 + Level 9.1 Armour
 + Level 15.6 Dodging
 + Level 16.9 Stealth
 + Level 11.1 Shields
 + Level 2.4 Spellcasting
 + Level 3.7 Transmutations
 + Level 2.2 Earth Magic
 + Level 2.8 Evocations


You had 10 spell levels left.
You knew the following spells:

 Your Spells              Type           Power      Damage    Failure   Level
a - Statue Form           Tmut/Erth      5%         N/A       100%        6

Your spell library contained the following spells:

 Spells                   Type           Power      Damage    Failure   Level
 Leda's Liquefaction      Hex/Erth       2%         N/A       97%         4
 Lee's Rapid Deconstruct  Erth           3%         3d6*      99%         5


Dungeon Overview and Level Annotations

Branches:
Dungeon (1/1)

Altars:
Ashenzari
Cheibriados
Dithmenos
Elyvilon
Fedhas
Gozag
Hepliaklqana
Kikubaaqudgha
Makhleb
Nemelex Xobeh
Okawaru
Qazlal
Ru
Sif Muna
Trog
Uskayaw
Vehumet
Wu Jian
Xom
Yredelemnul
Zin
The Shining One
Jiyva
Lugonu

Shops:
D [*([


Innate Abilities, Weirdness & Mutations

((You are very nimble when in or above water. (Stealth+, EV+, Speed+++)))
Your lower body shifts to a powerful aquatic tail in water.


Message History

You hit the merfolk javelineer. You burn the merfolk javelineer.
The merfolk javelineer is almost dead.
A basilisk comes into view.
The death knight calls down the wrath of Yredelemnul upon you.
Your body is wracked with pain!
* * * LOW HITPOINT WARNING * * *
The merfolk javelineer throws a silver javelin.
The silver javelin pierces through you!
* * * LOW HITPOINT WARNING * * *
x2 The basilisk hisses angrily.
You slice the merfolk javelineer!! You burn the merfolk javelineer.
You kill the merfolk javelineer!
The basilisk is distracted by your dazzling golden aura.
The death knight completely misses you.
You have reached level 13!
You strike the helpless iguana from behind!
You slash the iguana! You burn the iguana!
You kill the iguana!
The death knight closely misses you.
Unknown command.
You barely miss the death knight.
The death knight is lightly wounded.
The basilisk hisses angrily.
You slash the death knight! You burn the death knight.
The death knight is moderately wounded.
The death knight reflects your damage back at you!
* * * LOW HITPOINT WARNING * * *
The basilisk hisses angrily.
You hit the death knight. You burn the death knight.
The death knight is heavily wounded.
The death knight reflects your damage back at you!
* * * LOW HITPOINT WARNING * * *
The death knight misses you.
You strike the helpless death knight from behind!
You carve the death knight like a ham!!!
You burn the death knight!
You kill the death knight!
Your damage is reflected back at you!
You die...
Your body crumbles into a pile of gold.

################### $
#.................. $$ $
#.................. $
#$@################ $ #$$##E# #
$$$ #.$#.# # #..l#|# $ #
#..#.#.# # #..##@#c# #
#..################
#############..................
#_________.##..................


You could see a basilisk (wandering, unable to see you).

Vanquished Creatures
  A green draconian (D)
  A merfolk javelineer (D)
  2 great orbs of eyes (D)
  A catoblepas (D)
  Erolcha (D)
  A rakshasa (D)
  A boulder beetle (D)
  A spriggan air mage (D)
  2 death yaks (D)
  A death knight (D)
  A spriggan berserker (D)
  Nergalle (D)
  Sonja (D)
  A sixfirhy (D)
  A flayed ghost (D)
  3 harpies (D)
  A bog body (D)
  A deep elf pyromancer (D)
  A manticore (D)
  Joseph (D)
  3 elephants (D)
  A guardian serpent (D)
  An orange demon (D)
  A cane toad (D)
  A gargoyle (D)
  2 efreet (D)
  A guardian mummy (D)
  A hellwing (D)
  A red devil (D)
  A tyrant leech (D)
  2 hornets (D)
  4 blink frogs (D)
  3 slime creatures (D)
  A snapping turtle (D)
  3 spriggans (D)
  An air elemental (D)
  A wraith (D)
  9 yaks (D)
  A basilisk (D)
  A neqoxec (D)
  4 vampire mosquitoes (D)
  2 wargs (D)
  A swamp drake (D)
  4 floating eyes (D)
  An orc warrior (D)
  A sky beast (D)
  3 centaurs (D)
  An ogre (D)
  A gnoll sergeant (D)
  A bullfrog (D)
  A necrophage (D)
  A hound (D)
  A gnoll bouda (D)
  2 orc priests (D)
  2 jellies (D)
  An iguana (D)
  A hell rat (D)
  10 gnolls (D)
  A river rat (D)
  A white imp (D)
  2 ufetubi (D)
  An adder zombie (D)
  An adder simulacrum (D)
  An orc (D)
  3 endoplasms (D)
  A giant cockroach (D)
  A goblin (D)
  A quokka (D)
114 creatures vanquished.

Vanquished Creatures (others)
  A blink frog (D)
  A worm (D)
2 creatures vanquished.

Grand Total: 116 creatures vanquished

Notes
Turn   | Place    | Note
-------+----------+-------------------------------------------
     0 | D        | rocky1 the Merfolk Gladiator began the quest for the Orb.
     0 | D        | Reached XP level 1. HP: 16/16 MP: 1/1
    11 | D        | Noticed a floating eye
    13 | D        | Paralysed by a floating eye for 2 turns
    16 | D        | Killed a floating eye
    17 | D        | Reached XP level 2. HP: 22/22 MP: 2/2
    17 | D        | Reached XP level 3. HP: 27/27 MP: 3/3
    17 | D        | Reached XP level 4. HP: 33/33 MP: 4/4
    21 | D        | Found a bloodstained altar of Trog.
    21 | D        | Found a shimmering blue altar of Sif Muna.
    21 | D        | Found a viscous altar of Jiyva.
    21 | D        | Found a hazy altar of Hepliaklqana.
    21 | D        | Found an opulent altar of Gozag.
    22 | D        | Found a glowing golden altar of the Shining One.
    22 | D        | Found a glowing silver altar of Zin.
    22 | D        | Found a basalt altar of Yredelemnul.
    22 | D        | Found a shimmering altar of Xom.
    22 | D        | Found an ornate altar of the Wu Jian Council.
    22 | D        | Found a sacrificial altar of Ru.
    22 | D        | Found a stormy altar of Qazlal.
    22 | D        | Found an iron altar of Okawaru.
    22 | D        | Found a sparkling altar of Nemelex Xobeh.
    22 | D        | Found a burning altar of Makhleb.
    22 | D        | Found a blossoming altar of Fedhas.
    22 | D        | Found a white marble altar of Elyvilon.
    22 | D        | Found a shadowy altar of Dithmenos.
    22 | D        | Found a snail-covered altar of Cheibriados.
    46 | D        | Found a radiant altar of Vehumet.
    46 | D        | Found a corrupted altar of Lugonu.
    47 | D        | Found a hide-covered altar of Uskayaw.
    47 | D        | Found an ancient bone altar of Kikubaaqudgha.
    47 | D        | Found a broken altar of Ashenzari.
    51 | D        | Became a worshipper of Gozag Ym Sagoz the Greedy
   162 | D        | Reached XP level 5. HP: 37/38 MP: 5/5
   273 | D        | Reached skill level 1 in Stealth
   276 | D        | Noticed a floating eye
   280 | D        | Killed a floating eye
   281 | D        | Reached skill level 5 in Dodging
   281 | D        | Reached XP level 6. HP: 48/48 MP: 6/6
   283 | D        | Noticed a floating eye
   293 | D        | Killed a floating eye
   294 | D        | Reached skill level 5 in Fighting
   411 | D        | Reached skill level 5 in Stealth
   428 | D        | Reached XP level 7. HP: 58/58 MP: 7/7
   804 | D        | Reached XP level 8. HP: 67/67 MP: 8/8
   823 | D        | Reached skill level 1 in Ranged Weapons
  1100 | D        | Bought a heavily runed scale mail for 198 gold pieces
  1100 | D        | Identified the +1 scale mail of the Falcon {Rampage Int+3}
                  | (You bought it in a shop in the Dungeon)
  1100 | D        | Bought a pair of smoking gloves for 209 gold pieces
  1100 | D        | Identified the +0 pair of gloves of Insecurity {rElec rF+
                  | rN++ Will-} (You bought it in a shop in the Dungeon)
  1100 | D        | Bought a translucent leather armour for 154 gold pieces
  1100 | D        | Identified the +0 leather armour "Lyozik" {rPois rC-
                  | Stlth+} (You bought it in a shop in the Dungeon)
  1117 | D        | Noticed a snapping turtle
  1117 | D        | Noticed a flayed ghost
  1123 | D        | Paralysed by a floating eye for 3 turns
  1132 | D        | Reached skill level 5 in Armour
  1140 | D        | Killed a flayed ghost
  1141 | D        | Reached skill level 10 in Dodging
  1155 | D        | Killed a snapping turtle
  1156 | D        | Reached XP level 9. HP: 50/75 MP: 9/9
  1480 | D        | Noticed a deep elf pyromancer
  1480 | D        | Noticed a boulder beetle
  1522 | D        | Killed a boulder beetle
  1523 | D        | Reached skill level 15 in Long Blades
  1612 | D        | Killed a deep elf pyromancer
  1613 | D        | Reached skill level 10 in Stealth
  1658 | D        | Noticed an elephant
  1658 | D        | Noticed an elephant
  1658 | D        | Noticed a catoblepas
  1700 | D        | Killed an elephant
  1701 | D        | Reached skill level 10 in Fighting
  1708 | D        | HP: 1/78 [catoblepas (24)]
  1711 | D        | Killed a catoblepas
  1712 | D        | Reached skill level 5 in Ranged Weapons
  1712 | D        | Reached XP level 10. HP: 26/86 MP: 10/10
  1978 | D        | Killed an elephant
  2097 | D        | Noticed an orange demon
  2097 | D        | Noticed a gargoyle
  2113 | D        | Killed an orange demon
  2282 | D        | Noticed Erolcha
  2302 | D        | Noticed a harpy
  2317 | D        | Noticed a harpy
  2324 | D        | Reached skill level 1 in Shields
  2326 | D        | Noticed a harpy
  2338 | D        | Killed a harpy
  2358 | D        | Killed a harpy
  2366 | D        | Killed a harpy
  2367 | D        | Reached skill level 5 in Shields
  2367 | D        | Reached XP level 11. HP: 65/92 MP: 11/11
  2384 | D        | Noticed Sonja
  2387 | D        | Killed Erolcha
  2426 | D        | Killed Sonja
  2442 | D        | Reached skill level 15 in Stealth
  3198 | D        | Noticed a manticore
  3222 | D        | Killed a manticore
  3241 | D        | Paralysed by a hornet for 3 turns
  3492 | D        | Noticed a bog body
  3516 | D        | Killed a bog body
  3517 | D        | Noticed a sixfirhy
  3781 | D        | Killed a sixfirhy
  3782 | D        | Reached XP level 12. HP: 88/100 MP: 12/12
  3849 | D        | Reached skill level 10 in Ranged Weapons
  3943 | D        | Bought a +2 cloak of preservation for 301 gold pieces
  3943 | D        | Bought a scroll of blinking for 105 gold pieces
  3943 | D        | Bought the ring "Hoggeh" {rElec rN+ Int+5 Dex+6} for 905
                  | gold pieces
  3943 | D        | Bought a scroll of blinking for 105 gold pieces
  3943 | D        | Bought a potion of curing for 42 gold pieces
  3971 | D        | Noticed a death yak
  3981 | D        | Killed a death yak
  4003 | D        | Noticed a great orb of eyes
  4011 | D        | Paralysed by a great orb of eyes for 5 turns
  4022 | D        | Paralysed by a great orb of eyes for 4 turns
  4034 | D        | Killed a great orb of eyes
  4035 | D        | Reached skill level 5 in Throwing
  4065 | D        | Reached skill level 10 in Shields
  4068 | D        | HP: 4/102 [yak (5)]
  4548 | D        | Noticed a great orb of eyes
  4671 | D        | Killed a great orb of eyes
  4682 | D        | Bought a pair of glowing boots for 165 gold pieces
  4682 | D        | Bought a pair of embroidered gloves for 165 gold pieces
  4682 | D        | Bought a pair of masterwork gloves for 209 gold pieces
  4682 | D        | Identified the +2 pair of gloves "Mixempy" {rPois Int+5}
                  | (You bought it in a shop in the Dungeon)
  4682 | D        | Bought a glowing cloak for 165 gold pieces
  4732 | D        | Found the ring of the Octopus King {HP+2 MP+9 AC+2 EV+2
                  | SH+2}
  4732 | D        | Noticed a spriggan air mage
  4732 | D        | Noticed a green draconian
  4752 | D        | Killed a green draconian
  4764 | D        | Reached skill level 15 in Dodging
  4777 | D        | Killed a spriggan air mage
  4801 | D        | Got a ring of the Octopus King {HP+2 MP+9 AC+2 EV+2 SH+2}
  5131 | D        | Bought a crude falchion for 240 gold pieces
  5131 | D        | Identified the +0 falchion of the First Bones {flame,
                  | Str+3} (You bought it in a shop in the Dungeon)
  5185 | D        | Learned a level 6 spell: Statue Form
  5188 | D        | Noticed a rakshasa
  5191 | D        | Noticed Joseph
  5197 | D        | Noticed a death yak
  5199 | D        | Killed a rakshasa
  5200 | D        | Reached skill level 1 in Transmutations
  5200 | D        | Reached skill level 1 in Evocations
  5205 | D        | Noticed a death knight
  5215 | D        | Killed a death yak
  5216 | D        | Reached skill level 1 in Spellcasting
  5216 | D        | Reached skill level 1 in Earth Magic
  5236 | D        | Noticed Nergalle
  5250 | D        | Killed Joseph
  5258 | D        | Noticed a spriggan berserker
  5266 | D        | Killed Nergalle
  5268 | D        | Identified the +5 dagger "Miuplo" {venom, rElec Stlth+}
  5268 | D        | Noticed a merfolk javelineer
  5279 | D        | Killed a spriggan berserker
  5290 | D        | Killed a merfolk javelineer
  5291 | D        | Reached XP level 13. HP: 16/111 MP: 16/16
  5295 | D        | Killed by mirror damage

Illustrated notes

Levels and vault maps discovered:
D:        pitsprint [storerooms_1, entrance_room_1, metal_vault_2, armoury_3,
          mini_pit_1, grid_room_1, main_hall_1, silver_pit, the_coven_3,
          the_vestibule_1, steel_vault_5, golden_pit, hallway_of_sentries,
          crystal_vault_1, iron_vault_2, final_vault]

Skill      XL: |  1  2  3  4  5  6  7  8  9 10 11 12 |
---------------+-------------------------------------+-----
Long Blades    | 11 12 13 14 15 16 | 16.6
Stealth        | 3 6 7 9 10 13 15 16 | 16.9
Fighting       | 4 6 7 8 10 11 13 | 13.2
Armour         | 2 3 4 5 6 7 9 |  9.1
Dodging        | 5 7 9 10 12 13 15 | 15.6
Ranged Weapons | 3 5 7 9 10 | 10.1
Shields        | 5 9 11 | 11.1
Throwing       | 4 7 |  7.4
Transmutations | 3 |  3.7
Evocations     | 2 |  2.8
Spellcasting   | 2 |  2.4
Earth Magic    | 2 |  2.2

Action                   |  1- 3 |  4- 6 |  7- 9 | 10-12 | 13-15 || total
-------------------------+-------+-------+-------+-------+-------++-------
Melee: Long sword        |     3 |    22 |   100 |       |       ||   125
       Falchion          |       |    39 |       |       |       ||    39
       Punch             |       |     2 |     1 |       |       ||     3
       Scimitar          |       |       |    55 |   379 |     5 ||   439
       Rapier            |       |       |     1 |       |       ||     1
Throw: Throwing net      |       |       |     3 |     1 |       ||     4
       Javelin           |       |       |     2 |     3 |       ||     5
Invok: Potion Petition   |       |       |     1 |     1 |       ||     2
       Call Merchant     |       |       |     1 |     3 |       ||     4
  Use: Potion            |       |     1 |     3 |    16 |       ||    20
 Stab: Petrified         |       |       |     3 |       |       ||     3
       Petrifying        |       |       |     1 |       |       ||     1
       Invisible         |       |       |       |    12 |     2 ||    14
       Distracted        |       |       |       |     5 |       ||     5
       Sleeping          |       |       |       |     5 |       ||     5
Armor: Chain mail        |       |     9 |    39 |       |       ||    48
       Ring mail         |       |       |     8 |   100 |       ||   108
Dodge: Dodged            |       |    24 |    59 |   251 |     2 ||   336
Block: Buckler           |       |       |       |    99 |       ||    99

Table legend: (Time is in decaauts)
 A = Elapsed time spent in this place.
 B = Non-inter-level travel time spent in this place.
 C = Inter-level travel time spent in this place.
 D = Time resting spent in this place.
 E = Time spent auto-exploring this place.
 F = Levels seen in this place.
 G = Mean time per level.
                   A        B        C        D        E       F      G
               +--------+--------+--------+--------+--------+-----+--------+
         Total |   5138 |   5085 |     53 |   3320 |      0 |   1 | 5138.0 |
       Dungeon |   5138 |   5085 |     53 |   3320 |      0 |   1 | 5138.0 |
               +--------+--------+--------+--------+--------+-----+--------+

Top non-repeatable levels by time:
       D: 5138 daAuts
